Workbook

Sheet Hipótesis
A1: EJEMPLO CON DATOS FICTICIOS · las celdas amarillas son tus datos; el resto se calcula solo
A3: Concepto | B3: Año 1 | C3: Año 2 | D3: Año 3
A4: Precio por sesión (€) | B4: 45 | C4: 45 | D4: 47
A5: Sesiones por semana | B5: 18 | C5: 26 | D5: 30
A6: Semanas trabajadas | B6: 46 | C6: 46 | D6: 46
A8: Coste variable por sesión (€) | B8: Importe
A9: Desplazamiento (combustible y aparcamiento) | B9: 3.5
A10: Material fungible | B10: 1
A12: Costes fijos anuales (€) | B12: Año 1 | C12: Año 2 | D12: Año 3
A13: Cuota de autónomos (año 1 tarifa plana 80 €/mes; años 2-3 estimada por tramo) | B13: 960 | C13: 3840 | D13: 4560
A14: Colegio profesional | B14: 360 | C14: 360 | D14: 360
A15: Seguro de responsabilidad civil | B15: 150 | C15: 150 | D15: 150
A16: Gestoría | B16: 600 | C16: 600 | D16: 600
A17: Teléfono e internet | B17: 480 | C17: 480 | D17: 480
A18: Agenda y facturación (software) | B18: 360 | C18: 360 | D18: 360
A19: Publicidad y web | B19: 1200 | C19: 800 | D19: 800
A20: Formación | B20: 400 | C20: 400 | D20: 400
A22: Inversión inicial (€) | B22: Importe
A23: Camilla portátil | B23: 350
A24: Equipo de electroterapia | B24: 1200
A25: Material de ejercicio | B25: 400
A26: Tablet y ordenador | B26: 600
A27: Web y marca | B27: 400
A28: Altas y licencias | B28: 150
A29: Años de amortización | B29: 5
A30: Pago único (capitalización del paro) | B30: 6000
A31: Retirada para tus gastos personales (€/mes) | B31: 1400
A32: Pago fraccionado del IRPF (modelo 130, % del rendimiento) | B32: 0.2

Sheet Cuenta de resultados
A1: € | B1: Año 1 | C1: Año 2 | D1: Año 3
A2: Sesiones al año | B2: =Hipótesis!B5*Hipótesis!B6 | C2: =Hipótesis!C5*Hipótesis!C6 | D2: =Hipótesis!D5*Hipótesis!D6
A3: Ingresos | B3: =B2*Hipótesis!B4 | C3: =C2*Hipótesis!C4 | D3: =D2*Hipótesis!D4
A4: Costes variables | B4: =B2*(Hipótesis!B9+Hipótesis!B10) | C4: =C2*(Hipótesis!B9+Hipótesis!B10) | D4: =D2*(Hipótesis!B9+Hipótesis!B10)
A5: Costes fijos | B5: =SUM(Hipótesis!B13:B20)+Hipótesis!B28 | C5: =SUM(Hipótesis!C13:C20) | D5: =SUM(Hipótesis!D13:D20)
A6: Amortización | B6: =(SUM(Hipótesis!B23:B28)-Hipótesis!B28)/Hipótesis!B29 | C6: =(SUM(Hipótesis!B23:B28)-Hipótesis!B28)/Hipótesis!B29 | D6: =(SUM(Hipótesis!B23:B28)-Hipótesis!B28)/Hipótesis!B29
A7: Resultado antes de impuestos | B7: =B3-B4-B5-B6 | C7: =C3-C4-C5-C6 | D7: =D3-D4-D5-D6
A8: Umbral de rentabilidad (sesiones por semana) | B8: =ROUND((B5+B6)/(Hipótesis!B4-(Hipótesis!B9+Hipótesis!B10))/Hipótesis!B6,1) | C8: =ROUND((C5+C6)/(Hipótesis!C4-(Hipótesis!B9+Hipótesis!B10))/Hipótesis!C6,1) | D8: =ROUND((D5+D6)/(Hipótesis!D4-(Hipótesis!B9+Hipótesis!B10))/Hipótesis!D6,1)
A9: Umbral que cubre también tu retirada (sesiones por semana) | B9: =ROUND((B5+B6+12*Hipótesis!B31)/(Hipótesis!B4-(Hipótesis!B9+Hipótesis!B10))/Hipótesis!B6,1) | C9: =ROUND((C5+C6+12*Hipótesis!B31)/(Hipótesis!C4-(Hipótesis!B9+Hipótesis!B10))/Hipótesis!C6,1) | D9: =ROUND((D5+D6+12*Hipótesis!B31)/(Hipótesis!D4-(Hipótesis!B9+Hipótesis!B10))/Hipótesis!D6,1)

Sheet Tesorería año 1
A1: Trimestre | B1: Sesiones por semana | C1: Entradas | D1: Gastos del negocio | E1: Pago fraccionado IRPF | F1: Tu retirada | G1: Caja al cierre
A2: 1 | B2: 12 | C2: =B2*11.5*Hipótesis!B4 | D2: =B2*11.5*(Hipótesis!B9+Hipótesis!B10)+('Cuenta de resultados'!B5-Hipótesis!B28)/4 | E2: =MAX(0,Hipótesis!B32*(C2-D2)) | F2: =3*Hipótesis!B31 | G2: =(Hipótesis!B30-SUM(Hipótesis!B23:B28))+C2-D2-E2-F2
A3: 2 | B3: 16 | C3: =B3*11.5*Hipótesis!B4 | D3: =B3*11.5*(Hipótesis!B9+Hipótesis!B10)+('Cuenta de resultados'!B5-Hipótesis!B28)/4 | E3: =MAX(0,Hipótesis!B32*(C3-D3)) | F3: =3*Hipótesis!B31 | G3: =G2+C3-D3-E3-F3
A4: 3 | B4: 20 | C4: =B4*11.5*Hipótesis!B4 | D4: =B4*11.5*(Hipótesis!B9+Hipótesis!B10)+('Cuenta de resultados'!B5-Hipótesis!B28)/4 | E4: =MAX(0,Hipótesis!B32*(C4-D4)) | F4: =3*Hipótesis!B31 | G4: =G3+C4-D4-E4-F4
A5: 4 | B5: 24 | C5: =B5*11.5*Hipótesis!B4 | D5: =B5*11.5*(Hipótesis!B9+Hipótesis!B10)+('Cuenta de resultados'!B5-Hipótesis!B28)/4 | E5: =MAX(0,Hipótesis!B32*(C5-D5)) | F5: =3*Hipótesis!B31 | G5: =G4+C5-D5-E5-F5
